AoeStats
← 17_Neo_

Arabia

506514669Analyzed
1v1 RM · 18d ago on Sep 13, 2026· 33m 14s· 2 players
Game mode
Random Map
Map size
Tiny (2 player)
Population
200
Speed
Normal
Resources
Standard
Victory
Conquest
Starting age
Dark Age
Ending age
Imperial Age
RankedLock teamsTeams togetherTeam positionsShared explorationLock speedFull tech treeHidden civsTurbo modeCheats
Victory
Defeat
🇨🇴 Maya · Colombia
1633
+15
🇨🇴 Mapuche · Colombia
1615
-15
Kolots
6:26 Loom
8:51 Feudal Age
9:34 Double-Bit Axe
15:46 Fletching
16:11 Padded Archer Armor
22:11 Castle Age
21:29 Horse Collar
22:12 Elite Skirmisher
22:48 Bodkin Arrow
23:43 Bow Saw
25:10 Leather Archer Armor
27:07 Champi Runner
27:49 Scale Mail Armor
28:53 Town Watch
29:22 Forging
29:31 Chain Mail Armor
28:37 Pikeman
28:39 Champi Warrior
31:09 Ballistics
17_Neo_
0:26 Loom
9:11 Feudal Age
9:46 Double-Bit Axe
11:28 Fletching
11:38 Padded Archer Armor
14:11 Horse Collar
19:52 Castle Age
17:57 Gold Mining
21:09 Bow Saw
20:59 Heavy Plow
24:00 Ballistics
25:29 Bodkin Arrow
27:32 Town Watch
Connection lost

Rejoining the realm…

Still unreachable

The connection could not be restored.

Session expired

The server has moved on; the page needs a fresh start.